 Dungeon Crawl Stone Soup version 0.28-a0-1493-g08698888e4 (webtiles) character file.

Game seed: 12236146069237848297

25916 kae the Transmogrifier (level 12, -1/123 HPs)
             Began as a White Draconian Transmuter on Jan 12, 2022.
             Was an Elder of Ru.
             Slain by a catoblepas (23 damage)
             ... on level 2 of the Lair of Beasts.
             The game lasted 00:14:29 (22285 turns).

kae the Transmogrifier (DrTm)                      Turns: 22285, Time: 00:14:29

Health: -1/123     AC:  9    Str: 14    XL:     12   Next: 93%
Magic:  0/24       EV: 12    Int: 18    God:    Ru [****..]
Gold:   436        SH:  0    Dex: 11    Spells: 19/27 levels left

rFire   x . .      SeeInvis .     - Unarmed
rCold   + + +      Faith    .   (shield currently unavailable)
rNeg    . . .      Spirit   +   (armour unavailable)
rPois   +          Reflect  .   (helmet currently unavailable)
rElec   .          Harm     .   (cloak currently unavailable)
rCorr   .          Rampage  .   (gloves currently unavailable)
Will    +....                   (boots currently unavailable)
Stlth   ..........              u - amulet of guardian spirit
HPRegen 0.30/turn               i - ring of willpower
MPRegen 0.19/turn               h - ring of wizardry

@: ice-form, unable to drink
A: freezing attack, amphibious, boosted hp, (breathe frost), AC +8, large,
unfitting armour, (cold resistance 1), (cold-blooded), inability to drink while
threatened, no stealth, inability to use devices
a: End Transformation, Renounce Religion, Sacrifice Nimbleness, Sacrifice an
Eye, Sacrifice Arcana, Reject Sacrifices, Draw Out Power, Power Leap


You were on level 2 of the Lair of Beasts.
You worshipped Ru.
Ru was greatly pleased with you.
You were a creature of crystalline ice.
You visited 3 branches of the dungeon, and saw 16 of its levels.
You also visited: Ossuary.

You collected 566 gold pieces.
You spent 130 gold pieces at shops.

Inventory:

Missiles
 c - 2 throwing nets
Armour
 d - a +0 cloak (melded)
 w - a +1 pair of boots
 G - a +2 pair of boots (melded)
Jewellery
 a - a ring of fire
 f - a +4 ring of evasion
 h - a ring of wizardry (right front paw)
 i - a ring of willpower (left front paw)
 u - an amulet of guardian spirit (around neck)
 v - a ring of protection from fire
 E - a ring of wizardry
 F - a ring of flight
 H - an amulet of faith
Wands
 x - a wand of digging (11)
Scrolls
 e - a scroll of magic mapping
 k - 2 scrolls of blinking
 n - 6 scrolls of fear
 r - a scroll of enchant armour
 y - 4 scrolls of teleportation
 B - 2 scrolls of enchant weapon
 D - 5 scrolls of identify
Potions
 b - a potion of flight
 g - 2 potions of brilliance
 j - 2 potions of invisibility
 l - 4 potions of heal wounds
 m - 2 potions of lignification
 o - a potion of resistance
 p - 3 potions of attraction
 q - a potion of haste
 s - 2 potions of curing
 t - 3 potions of ambrosia
 z - a potion of magic
 A - 2 potions of mutation
 C - a potion of berserk rage


   Skills:
 + Level 8.5 Fighting
 + Level 7.2 Dodging
 * Level 11.3 Unarmed Combat
 + Level 8.0 Spellcasting
 * Level 12.2 Transmutations
 - Level 6.0 Ice Magic
 - Level 1.0 Poison Magic
   Level 0.0 Evocations


You had 19 spell levels left.
You knew the following spells:

 Your Spells              Type           Power      Damage    Failure   Level
a - Beastly Appendage     Tmut           100%       N/A       1%          1
b - Spider Form           Tmut/Pois      30%        N/A       1%          3
c - Ice Form              Ice/Tmut       39%        N/A       1%          4

Your spell library contained the following spells:

 Spells                   Type           Power      Damage    Failure   Level
 Ensorcelled Hibernation  Hex/Ice        36%        N/A       1%          2
 Wereblood                Tmut           50%        N/A       1%          2
 Ignite Poison            Fire/Tmut/Pois 23%        N/A       1%          3
 Shock                    Conj/Air       28%        1d4       4%          1
 Mephitic Cloud           Conj/Pois/Air  8%         N/A       11%         3
 Swiftness                Air            7%         N/A       12%         3
 Airstrike                Air            3%         N/A       34%         4
 Anguish                  Hex/Necr       3%         N/A       34%         4
 Freezing Cloud           Conj/Ice/Air   7%         6-21      41%         5


Dungeon Overview and Level Annotations

Branches:
Dungeon (13/15)            Temple (1/1) D:5            Lair (2/6) D:10
    Orc (0/2) D:10         Vaults (0/5) D:13        Ossuary (visited)
  Swamp: Lair:2-4    Shoals: Lair:2-4     Snake: Lair:2-4    Spider: Lair:2-4

Altars:
Ashenzari
Cheibriados
Dithmenos
Elyvilon
Fedhas
Gozag
Hepliaklqana
Kikubaaqudgha
Makhleb
Nemelex Xobeh
Okawaru
Qazlal
Ru
Sif Muna
Trog
Uskayaw
Vehumet
Wu Jian
Xom
Yredelemnul
Zin
The Shining One

Shops:
D:5 !   D:11 ([

Portals:
Trove: D:11 (show abyssal rune of Zot)

Annotations:
D:4 1 runed translucent door, Yorgos's ghost, novice DsBe


Innate Abilities, Weirdness & Mutations

You are a creature of crystalline ice.
You have a powerful freezing melee attack.
You are amphibious.
Your maximum health is increased.
Your armour is entirely melded.
You are incapable of wielding weapons or throwing items.
((You can breathe waves of freezing cold which knock back foes.))
((Your icy white scales are hard. (AC +8)))
You cannot fit into any form of body armour.
((Your flesh is cold resistant. (rC+)))
((You are cold-blooded and may be slowed by cold attacks.))
You sometimes lose the ability to drink potions when taking damage.
You cannot be stealthy.
You cannot study or use magical devices.


Message History

You feel threatened and lose the ability to drink potions!
You focus your inner power and illuminate the catoblepas in retribution!
You hit the catoblepas but do no damage.
The catoblepas is moderately wounded.
You warm up again.
Your +0 cloak unmelds from your body.
Your +2 pair of boots unmelds from your body.
The catoblepas gores you.
Casting: Ice Form (mildly dangerous; 1% risk of failure)
Confirm with . or Enter, or press ? or * to list all spells.
You turn into a creature of crystalline ice.
Your +0 cloak melds into your body.
Your +2 pair of boots melds into your body.
The catoblepas breathes a plume of calcifying dust at you.
The blast of calcifying dust hits you but does no damage.
You are engulfed in calcifying dust.
The catoblepas gores you.
A yak comes into view.
The yak bellows! x3
You redirect the catoblepas's attack!
The catoblepas gores you.
You hit the catoblepas but do no damage.
The catoblepas is moderately wounded.
You punch the catoblepas! You freeze the catoblepas.
The catoblepas is heavily wounded.
You can drink potions again.
You redirect the catoblepas's attack!
The catoblepas gores itself!
You punch the catoblepas! You freeze the catoblepas.
The catoblepas is severely wounded.
The catoblepas gores you!!
You feel threatened and lose the ability to drink potions!
* * * LOW HITPOINT WARNING * * *
You focus your inner power and illuminate the catoblepas in retribution!
You hit the catoblepas but do no damage.
The catoblepas is severely wounded.
The catoblepas breathes a plume of calcifying dust at you.
The blast of calcifying dust hits you!
* * * LOW HITPOINT WARNING * * *
The catoblepas gores you!!
You die...

##...#.....# #.#.#..#P..P#
#.###..#P.#####..>(........
#.# #.##..P#....#...#.#.<.#
### #.#.#..........## # #
#..##..#.^.##Y.# #.#
####†.##P.## #..#
#.[###Y#### #...P
#.##.§†.YY...##
###..........Y§.....#
###.#....§........
#####P.§....#.#. ##.§...##
# ###P.## ####


You could see a catoblepas (corona) and 2 yaks.

Vanquished Creatures
  2 hydras
  Erolcha (D:10)
  2 centaur warriors
  5 two-headed ogres
  3 death yaks (D:10)
  A deep elf pyromancer (D:12)
  An ugly thing (D:12)
  3 cyclopes
  4 manticores
  A black mamba (Lair:2)
  2 cane toads
  An unseen horror (D:11)
  A gargoyle (D:8)
  4 komodo dragons
  A kobold demonologist (D:11)
  3 trolls
  A hornet (D:8)
  A slime creature (D:13)
  16 yaks
  Sigmund (D:2)
  2 vampires
  3 wraiths
  2 basilisks (Lair:2)
  2 vampire mosquitoes (D:10)
  2 swamp worms (D:7)
  4 water moccasins
  2 acid dragons (D:12)
  A hornet zombie (D:8)
  6 orc warriors
  An ice beast (D:5)
  A black bear (D:5)
  6 wolves (Lair:1)
  7 ogres
  A phantom (D:5)
  6 centaurs
  7 kobold brigands
  A wyvern zombie (D:8)
  2 elf zombies (Ossuary)
  2 gnoll sergeants (D:10)
  3 bullfrogs
  A scorpion (D:6)
  A wyvern skeleton (D:7)
  2 water moccasin skeletons (D:6)
  6 killer bees (D:9)
  5 wights (D:10)
  6 electric eels
  5 howler monkeys
  8 centaur zombies
  A hound (D:6)
  Crazy Yiuf (D:2)
  5 human zombies (Ossuary)
  2 gnoll shamans (D:6)
  2 jellies (D:6)
  An orc priest (D:8)
  2 bullfrog skeletons
  2 centaur skeletons (D:7)
  2 iguanas
  3 orc wizards
  8 hell rats
  3 mummies (Ossuary)
  A howler monkey zombie (D:9)
  Robin (D:3)
  12 gnolls
  7 adders
  3 river rats (D:10)
  2 shadow imps (D:5)
  A white imp (D:7)
  2 ufetubi
  A worm (D:2)
  4 dart slugs
  14 orcs
  6 ball pythons
  5 bats
  3 endoplasms
  3 giant cockroaches (D:2)
  13 goblins
  5 hobgoblins
  3 quokkas
  9 frilled lizards
  8 kobolds
  5 rats
289 creatures vanquished.

Vanquished Creatures (others)
  A rat (D:10)
  3 fungi (Lair:2)
  50 plants
  3 withered plants (D:2)
57 creatures vanquished.

Grand Total: 346 creatures vanquished

Notes
Turn   | Place    | Note
-------+----------+-------------------------------------------
     0 | D:1      | kae the Draconian Transmuter began the quest for the Orb.
     0 | D:1      | Reached XP level 1. HP: 16/16 MP: 3/3
   362 | D:1      | Reached XP level 2. HP: 23/23 MP: 3/5
   758 | D:1      | Reached skill level 3 in Transmutations
   943 | D:1      | Reached XP level 3. HP: 22/28 MP: 4/6
   947 | D:1      | Learned a level 3 spell: Spider Form
  1380 | D:2      | Noticed Sigmund
  1758 | D:2      | Found a faded altar of an unknown god.
  1882 | D:2      | Found a runed translucent door.
  1883 | D:2      | Noticed Crazy Yiuf
  2523 | D:2      | Killed Sigmund
  2524 | D:2      | Reached skill level 4 in Transmutations
  2524 | D:2      | Reached skill level 1 in Poison Magic
  2524 | D:2      | Reached XP level 4. HP: 35/35 MP: 4/8
  2524 | D:2      | Reached XP level 5. HP: 40/40 MP: 4/9
  2631 | D:2      | Learned a level 4 spell: Ice Form
  2775 | D:2      | Killed Crazy Yiuf
  3152 | D:3      | Reached skill level 5 in Transmutations
  3247 | D:3      | Noticed Robin
  3265 | D:3      | Killed Robin
  3266 | D:3      | Reached skill level 1 in Ice Magic
  3408 | D:3      | Found a white marble altar of Elyvilon.
  3932 | D:3      | Reached XP level 6. HP: 27/47 MP: 8/11
  4960 | D:4      | Noticed Yorgos's ghost (novice DsBe)
  4964 | D:4      | Found a runed translucent door.
  5698 | D:5      | Entered Level 5 of the Dungeon
  5977 | D:5      | Noticed an ice beast
  5988 | D:5      | Killed an ice beast
  5989 | D:5      | Your scales start taking on an icy white colour.
  5989 | D:5      | Reached XP level 7. HP: 52/52 MP: 8/12
  5989 | D:5      | Gained mutation: Your flesh is cold resistant. (rC+) [White
                  | Draconian growth]
  6582 | D:5      | Found Paph's Distillery.
  6591 | D:5      | Bought a potion of heal wounds for 65 gold pieces
  6591 | D:5      | Bought a potion of lignification for 39 gold pieces
  6591 | D:5      | Bought 2 potions of degeneration for 26 gold pieces
  6721 | D:5      | Reached skill level 6 in Transmutations
  6974 | D:5      | Found a staircase to the Ecumenical Temple.
  7002 | D:5      | Reached XP level 8. HP: 11/62 MP: 5/14
  7329 | Temple   | Entered the Ecumenical Temple
  7813 | Temple   | Became a worshipper of Ru the Awakened
  8016 | D:6      | Found a sand-covered staircase.
  8021 | Ossuary  | Entered an ossuary
  8195 | Ossuary  | Reached skill level 5 in Ice Magic
  8506 | D:6      | Reached skill level 5 in Unarmed Combat
  9061 | D:6      | Reached skill level 7 in Transmutations
  9454 | D:6      | Reached XP level 9. HP: 66/70 MP: 9/15
  9918 | D:7      | Gained mutation: You sometimes lose the ability to drink
                  | potions when taking damage. [Ru sacrifice]
  9918 | D:7      | Reached * piety under Ru
 10964 | D:8      | Reached skill level 5 in Spellcasting
 11648 | D:8      | Reached skill level 8 in Transmutations
 11747 | D:8      | Paralysed by a hornet for 1 turns
 12084 | D:8      | Noticed a gargoyle
 12097 | D:8      | Killed a gargoyle
 12578 | D:9      | Noticed a two-headed ogre
 12588 | D:9      | Killed a two-headed ogre
 12589 | D:9      | Reached skill level 5 in Fighting
 12589 | D:9      | Reached XP level 10. HP: 52/81 MP: 7/18
 12978 | D:9      | Noticed a two-headed ogre
 12988 | D:9      | Killed a two-headed ogre
 12989 | D:9      | Reached skill level 9 in Transmutations
 13429 | D:9      | Found a sparkling altar of Nemelex Xobeh.
 13643 | D:9      | Gained mutation: You cannot be stealthy. [Ru sacrifice]
 13643 | D:9      | Reached ** piety under Ru
 13943 | D:10     | Entered Level 10 of the Dungeon
 14114 | D:10     | Reached skill level 5 in Dodging
 14114 | D:10     | Reached skill level 1 in Evocations
 14362 | D:10     | Noticed a death yak
 14362 | D:10     | Noticed a death yak
 14385 | D:10     | Killed a death yak
 14460 | D:10     | Noticed a two-headed ogre
 14468 | D:10     | Killed a two-headed ogre
 14758 | D:10     | Noticed a death yak
 14773 | D:10     | Killed a death yak
 14774 | D:10     | Reached XP level 11. HP: 82/89 MP: 15/20
 14784 | D:10     | Killed a death yak
 14953 | D:10     | Found a staircase to the Lair.
 15076 | D:10     | Found a staircase to the Orcish Mines.
 15091 | D:10     | Reached skill level 10 in Transmutations
 15750 | D:10     | Noticed Erolcha
 15756 | D:10     | Killed Erolcha
 16534 | D:11     | Found Zioquig's Weapon Boutique.
 16699 | D:11     | Found Jeb Jiuth's Antique Armour Emporium.
 17579 | D:11     | Noticed a centaur warrior
 17591 | D:11     | Killed a centaur warrior
 17596 | D:11     | Reached XP level 12. HP: 66/100 MP: 10/22
 17992 | D:11     | Found a portal to a secret trove of treasure.
 18124 | D:12     | Noticed a six-headed hydra
 18133 | D:12     | Killed a six-headed hydra
 18134 | D:12     | Reached skill level 10 in Unarmed Combat
 18134 | D:12     | Reached skill level 11 in Transmutations
 18329 | D:12     | Gained mutation: You cannot study or use magical devices.
                  | [Ru sacrifice]
 18329 | D:12     | Reached *** piety under Ru
 18329 | D:12     | Reached **** piety under Ru
 19667 | D:13     | Noticed a centaur warrior
 19675 | D:13     | Killed a centaur warrior
 19684 | D:13     | Noticed a two-headed ogre
 19903 | D:13     | Killed a two-headed ogre
 20081 | D:13     | Noticed a two-headed ogre
 20091 | D:13     | Killed a two-headed ogre
 20503 | D:13     | Noticed a boulder beetle
 20503 | D:13     | Noticed a death knight
 20508 | D:13     | Found a gate to the Vaults.
 20508 | D:13     | Noticed an ironbound preserver
 20508 | D:13     | Noticed a tengu warrior
 20726 | Lair:1   | Entered Level 1 of the Lair of Beasts
 21271 | Lair:1   | Reached skill level 12 in Transmutations
 22209 | Lair:2   | Noticed an eight-headed hydra
 22218 | Lair:2   | Killed an eight-headed hydra
 22259 | Lair:2   | Noticed a catoblepas
 22285 | Lair:2   | Slain by a catoblepas

Illustrated notes

Levels and vault maps discovered:
D:1:      tarquinn_simple_flora_water_e, layout_loops_ring, minmay_tall_x
D:2:      layout_rooms, shapermc_ecumenical_altar_flowoftime, uniq_sigmund,
          uniq_crazy_yiuf_cottage
D:3:      minmay_skewed_foursquare, layout_basic, mainiacjoe_overflow_brackets,
          uniq_robin
D:4:      layout_basic, hellmonk_ghost_happy_afterlife
D:5:      layout_gridville, minmay_temple_entry_large_hall, serial_shops,
          shop_statue
D:6:      layout_basic, enter_ossuary_5
D:7:      layout_rooms, worms_lemuel
D:8:      layout_cave_pods, serial_column_ruins, column_ruins_corridor_straight,
          column_ruins_open_tiny, column_ruins_open_small_water,
          column_ruins_grid_1, column_ruins_columns_straight,
          column_ruins_open_tiny, column_ruins_grid_1
D:9:      layout_basic, nicolae_overflow_hidden_temple, serial_corexii_hall,
          corexii_hall_statues_x, corexii_hall_statues_l
D:10:     layout_basic, dpeg_lair_monsters,
          kennysheep_orc_monster_closet_entryway, serial_bayou_lake_a,
          uniq_erolcha
D:11:     layout_basic, serial_shops, nicolae_shop_statue_plus,
          nicolae_shop_bloodbath_and_beyond, serial_rivers,
          chequers_serial_rivers_micro_a, chequers_serial_rivers_room_b,
          chequers_serial_rivers_large_a, chequers_serial_rivers_room_a,
          enter_trove_3
D:12:     layout_stronghold
D:13:     nicolae_whirlpool, layout_irregular_city,
          skrybe_vaults_entry_preservation, muffindrake_ghost_dual_entry
Temple:   mainiacjoe_temple_big_plus
Lair:1:   layout_cave_pods, infiniplex_staircase_pool, grunt_megastairs_4,
          serial_bayou_shore_b
Lair:2:   regret_index_bee_streams, layout_loops_ring,
          nicolae_volcano_entry_s_turn, uniq_harold

Skill      XL: |  1  2  3  4  5  6  7  8  9 10 11 12 |
---------------+-------------------------------------+-----
Transmutations | 3 4 5 6 7 8 9 10 12 | 12.2
Spellcasting   | 3 4 5 6 7 8 |  8.0
Poison Magic   | 1 |  1.0
Ice Magic      | 1 3 4 5 6 |  6.0
Dodging        | 2 3 4 5 6 7 |  7.2
Fighting       | 2 3 5 6 7 8 |  8.5
Unarmed Combat | 4 5 7 8 9 11 | 11.3
Evocations     | 2 4 0 |  0.0

Action                   |  1- 3 |  4- 6 |  7- 9 | 10-12 || total
-------------------------+-------+-------+-------+-------++-------
Melee: Unarmed           |   117 |   118 |   356 |   466 ||  1057
       Tailslap          |    16 |       |     5 |       ||    21
       Kick              |    13 |       |       |       ||    13
       Headbutt          |    11 |     1 |     1 |       ||    13
       Punch             |     1 |       |       |       ||     1
 Cast: Beastly Appendage |    28 |     2 |     1 |       ||    31
       Spider Form       |     2 |    17 |     1 |       ||    20
       Ice Form          |       |     3 |    40 |    54 ||    97
Invok: Sacrifice Drink   |       |       |     1 |       ||     1
       Sacrifice Stealth |       |       |       |     1 ||     1
       Power Leap        |       |       |       |     6 ||     6
       Sacrifice Artific |       |       |       |     1 ||     1
 Abil: Breathe Frost     |       |       |     1 |       ||     1
Evoke: Wand              |       |       |     1 |     7 ||     8
  Use: Scroll            |     6 |     3 |    10 |     5 ||    24
       Potion            |       |       |       |     3 ||     3
 Stab: Sleeping          |       |     2 |       |       ||     2
       Invisible         |       |       |       |     3 ||     3
       Distracted        |       |       |       |     1 ||     1
       Petrifying        |       |       |       |     1 ||     1
Armor: Skin              |    21 |    15 |   116 |   153 ||   305
Dodge: Dodged            |    81 |    92 |   187 |   237 ||   597

Table legend: (Time is in decaauts)
 A = Elapsed time spent in this place.
 B = Non-inter-level travel time spent in this place.
 C = Inter-level travel time spent in this place.
 D = Time resting spent in this place.
 E = Time spent auto-exploring this place.
 F = Levels seen in this place.
 G = Mean time per level.
                   A        B        C        D        E       F      G
               +--------+--------+--------+--------+--------+-----+--------+
         Total |  22246 |  21387 |    859 |   1737 |  17185 |  17 | 1308.6 |
       Dungeon |  19854 |  19156 |    698 |   1590 |  15485 |  13 | 1527.2 |
        Temple |    522 |    392 |    130 |      0 |    386 |   1 |  522.0 |
          Lair |   1541 |   1512 |     29 |    147 |   1111 |   2 |  770.5 |
       Ossuary |    328 |    328 |      0 |      0 |    203 |   1 |  328.0 |
               +--------+--------+--------+--------+--------+-----+--------+

Top non-repeatable levels by time:
    D:10: 2473 daAuts
    D:12: 1851 daAuts
     D:3: 1750 daAuts
    D:11: 1737 daAuts
     D:7: 1679 daAuts
     D:9: 1644 daAuts
     D:5: 1641 daAuts
     D:1: 1539 daAuts
     D:2: 1486 daAuts
  Lair:1: 1393 daAuts
     D:6: 1386 daAuts
     D:8: 1039 daAuts
     D:4: 914 daAuts
    D:13: 711 daAuts
  Temple: 522 daAuts
